 Dungeon Crawl Stone Soup version 0.31-a0-278-g485e682e34 (webtiles) character file.

Game seed: 18319830590696324772

130 AdnanSaban the Covered (level 5, -1/33 HPs)
             Began as a Gargoyle Fighter on July 16, 2023.
             Slain by a gnoll
             ... wielding a +0 club
              (5 damage)
             ... on level 3 of the Dungeon.
             The game lasted 00:02:19 (1847 turns).

AdnanSaban the Covered (Gargoyle Fighter)           Turns: 1847, Time: 00:02:20

Health: -1/33      AC: 11    Str: 21    XL:     5   Next: 13%
Magic:  5/5        EV:  6    Int:  9    God:
Gold:   136        SH:  4    Dex:  9    Spells: 4/4 levels left

rFire   . . .        a - +0 flail
rCold   . . .        c - +0 buckler
rNeg    + . .        b - +0 scale mail
rPois   ∞            (no helmet)
rElec   +            (no cloak)
rCorr   .            (no gloves)
SInv    .            (no boots)
Will    .....        (no amulet) Stlth
                     (no ring)
HPRegen 0.25/turn    (no ring)
MPRegen 0.09/turn

%: no passive effects
@: constricted
A: sickness immunity, AC +4, negative energy resistance 1, electricity
resistance, torment resistance 1, petrification resistance
a: no special abilities


You were on level 3 of the Dungeon.
You visited 1 branch of the dungeon, and saw 3 of its levels.

You collected 136 gold pieces.

Inventory:

Hand Weapons
 a - a +0 flail (weapon)
Armour
 b - a +0 scale mail (worn)
 c - a +0 buckler (worn)
Scrolls
 e - 2 scrolls of brand weapon {unknown}
 f - a scroll of amnesia {unknown}
 g - a scroll of enchant armour {unknown}
 i - a scroll of identify {unknown}
 j - 2 scrolls of fear {unknown}
 k - a scroll of blinking {unknown}
 l - a scroll of teleportation {unknown}
 n - a scroll of fog {unknown}
Potions
 d - a potion of might
 h - 2 potions of magic {unknown}
 m - a potion of enlightenment {unknown}


   Skills:
 + Level 3.9 Fighting
 + Level 3.6 Maces & Flails
 + Level 4.1 Armour
 + Level 4.0 Shields


You had 4 spell levels left.
You didn't know any spells.
Your spell library contained the following spells:

 Spells                   Type           Power      Damage    Failure   Level
 Shock                    Conj/Air       0%         1d3       78%         1
 Summon Guardian Golem    Hex/Summ       0%         N/A       98%         3
 Swiftness                Air            0%         N/A       98%         3
 Airstrike                Air            0%         2d(0-16)  100%        4
 Orb of Destruction       Conj           0%         9d5       100%        7
 Spellforged Servitor     Conj/Summ      0%         N/A       100%        7


Dungeon Overview and Level Annotations

Branches:
Dungeon (3/15)

Altars:
Makhleb


Innate Abilities, Weirdness & Mutations

You are immune to sickness and miasma.
Your stone body is resilient. (AC +4)
You are immune to poison.
You resist negative energy. (rN+)
You are resistant to electric shocks. (rElec)
You are resistant to unholy torment.
You are immune to petrification.


Message History

A ball python comes into view.
The ball python moves out of view.
The gnoll hits you with a +2 halberd of venom!
The gnoll hits you but does no damage.
You are too injured to fight recklessly!
You are too injured to fight recklessly!
You are too injured to fight recklessly!
You are too injured to fight recklessly!
You are too injured to fight recklessly!
You are too injured to fight recklessly!
You are too injured to fight recklessly!
You are too injured to fight recklessly!
You are too injured to fight recklessly!
You closely miss the gnoll. The gnoll hits you but does no damage.
The gnoll closely misses you.
The gnoll hits you with a +2 halberd of venom!
* * * LOW HITPOINT WARNING * * *
The gnoll hits you but does no damage. You block the gnoll's attack.
You block the gnoll's attack. The gnoll misses you.
The gnoll closely misses you.
You closely miss the gnoll. The gnoll barely misses you.
You block the gnoll's attack. The gnoll hits you but does no damage.
The ball python bites you.
* * * LOW HITPOINT WARNING * * *
The ball python grabs you. The ball python constricts you.
You hit the gnoll but do no damage. You block the gnoll's attack.
The ball python completely misses you. The ball python constricts you.
You block the gnoll's attack. The gnoll closely misses you.
You sock the gnoll!
The gnoll is severely wounded.
The ball python barely misses you. The ball python constricts you.
The gnoll hits you but does no damage. You block the gnoll's attack.
The gnoll hits you but does no damage. The ball python barely misses you.
The ball python constricts you.
You hit the gnoll.
You kill the gnoll!
The gnoll hits you with a +0 spear.
* * * LOW HITPOINT WARNING * * *
The gnoll hits you with a +0 club.
You die...

P~P.......#.####.
#..~~~~P.~~~P...#...
.P~~~~~~~~~~~P..#..# ##
~~~≈≈.≈~≈.≈≈~~.#..#
##.~ #≈≈~#~~~#≈≈~# #.##
#~~~###.###.###.####.##
#~...#?..#...#...#.....
#....Sg)..............#
#....g@..............##
+......).............#
#.....[(............##
#..[.#...#...#...#..#
##~.###.###.###.#####
#~~ #≈≈~ ≈≈~#~~≈# ##
~~≈~~.≈≈~.~~≈..
.#~.~~~~~~~ ~~~


You could see 2 gnolls and a ball python.

Vanquished Creatures
  6 adders
  2 gnolls (D:3)
  A worm (D:2)
  3 dart slugs
  6 endoplasms
  2 giant cockroaches (D:1)
  3 hobgoblins
  7 jackals
  5 quokkas
  5 ball pythons
  3 bats (D:1)
  5 frilled lizards
  2 goblins (D:1)
  3 kobolds
  5 rats
58 creatures vanquished.

Notes
Turn   | Place    | Note
-------+----------+-------------------------------------------
     0 | D:1      | AdnanSaban the Gargoyle Fighter began the quest for the
                  | Orb.
     0 | D:1      | Reached XP level 1. HP: 14/14 MP: 1/1
   174 | D:1      | Reached XP level 2. HP: 7/19 MP: 2/2
   604 | D:1      | Reached XP level 3. HP: 23/23 MP: 3/3
   942 | D:2      | Found a burning altar of Makhleb.
  1011 | D:2      | Reached XP level 4. HP: 29/29 MP: 4/4
  1709 | D:3      | Reached XP level 5. HP: 30/33 MP: 5/5
  1847 | D:3      | Slain by a gnoll

Illustrated notes

Levels and vault maps discovered:
D:1:      spicycebolla_arrival_clurvy, layout_basic
D:2:      layout_basic, serial_aquarium, aquarium_bridge_square
          [aquarium_subvault_bridge, aquarium_subvault_bridge,
          aquarium_subvault_wall, aquarium_subvault_bridge],
          aquarium_window_fake, aquarium_window_2, aquarium_view_2a, basic_altar
D:3:      wad_lake_hut, layout_loops_ring, old_standard_altar,
          hellmonk_ecumenical_altar_crossroads, kennysheep_generic_room_14

Skill      XL: |  1  2  3  4 |
---------------+-------------+-----
Armour         | 4 |  4.1
Maces & Flails | 3 |  3.6
Shields        | 4 |  4.0
Fighting       | |  3.9

Action                     |  1- 3 |  4- 6 || total
---------------------------+-------+-------++-------
  Melee: Flail             |   129 |   106 ||   235
 Armour: Scale mail        |    75 |    63 ||   138
  Dodge: Dodged            |    56 |    59 ||   115
  Block: Buckler           |    37 |    32 ||    69

Table legend: (Time is in decaauts)
 A = Elapsed time spent in this place.
 B = Non-inter-level travel time spent in this place.
 C = Inter-level travel time spent in this place.
 D = Time resting spent in this place.
 E = Time spent auto-exploring this place.
 F = Levels seen in this place.
 G = Mean time per level.
                   A        B        C        D        E       F      G
               +--------+--------+--------+--------+--------+-----+--------+
         Total |   1916 |   1892 |     24 |      0 |   1421 |   3 |  638.7 |
       Dungeon |   1916 |   1892 |     24 |      0 |   1421 |   3 |  638.7 |
               +--------+--------+--------+--------+--------+-----+--------+

Top non-repeatable levels by time:
     D:1: 965 daAuts
     D:2: 723 daAuts
     D:3: 227 daAuts
